 Dungeon Sprint DCSS version 0.29-a0-369-gd956c00756 (webtiles) character file.

Game seed: 17364426708480947099

23201 jfcaron the Slicer (level 13, -10/113 HPs)
             Began as a Gnoll Cinder Acolyte on May 2, 2022.
             Was a Follower of Ignis.
             Killed by divine providence
             ... invoked by a daeva
              (12 damage)
             ... in the Dungeon (Sprint I: "Red Sonja").
             The game lasted 00:41:04 (7801 turns).

jfcaron the Slicer (Gnoll Cinder Acolyte)           Turns: 7801, Time: 00:41:05

Health: -10/113    AC: 30    Str: 18 (20) XL:     13   Next: 5%
Magic:  32/32      EV:  3    Int:  8 (9)  God:    Ignis [*.....]
Gold:   404        SH: 23    Dex:  9      Spells: 35/37 levels left

rFire   + + +      SeeInvis .   n - +2 short sword (distort)
rCold   + . .      Faith    .   z - +2 tower shield
rNeg    + . .      Spirit   .   F - +0 gold dragon scales
rPois   +          Reflect  +   o - +1 helmet of the Iron Devil {rF+ Str+2 Int-2}
rElec   .          Harm     .   a - +1 cloak {Will+}
rCorr   +          Rampage  +   w - +1 pair of gloves
Will    +....      NoTele   +   D - +2 pair of boots {rampage}
Stlth   ..........              x - amulet of reflection
HPRegen 0.28/turn               E - ring of positive energy
MPRegen 0.23/turn               I - ring of resist corrosion

@: glowing
A: fangs 1, strong nose, distributed training, deterioration 2, dopey 1, high MP
1, wild magic 1
a: Renounce Religion, Fiery Armour, Foxfire Swarm, Rising Flame


You were in the Dungeon.
You worshipped Ignis.
Ignis was aware of your devotion.
You visited 1 branch You collected 3924 gold pieces.
You spent 3520 gold pieces at shops.

Inventory:

Hand Weapons
 d - a +0 trident
 l - the +5 dagger of Loyfucud {antimagic, Stlth+}
   (You bought it in a shop in the Dungeon)

   It reduces the magical energy of the wielder, and disrupts the spells and
   magical abilities of those it strikes.
   Natural abilities and divine invocations are not affected.
   Stlth:     It makes you more stealthy.
 m - a +0 rapier
 n - a +2 short sword of distortion (weapon)
 G - the +9 mace of Edapt {freeze, Fly}
   (You found it in the Dungeon)

   It freezes those it strikes, dealing additional cold damage.
   It can also slow down cold-blooded creatures.
   Fly:       It grants you flight.
Missiles
 r - a boomerang (quivered)
 s - 7 poisoned darts
 t - 57 stones
 u - 2 curare-tipped darts {!f}
Armour
 a - a +1 cloak of willpower (worn)
 o - the +1 helmet of the Iron Devil (worn) {rF+ Str+2 Int-2}
   (You found it in the Dungeon)

   Str:       It affects your strength (+2).
   Int:       It affects your intelligence (-2).
   rF:        It protects you from fire.
 w - a +1 pair of gloves (worn)
 z - a +2 tower shield (worn)
 B - the +1 plate armour of Midwinter {rF++ rC+}
   (You found it in the Dungeon)

   rF:        It greatly protects you from fire.
   rC:        It protects you from cold.
 D - a +2 pair of boots of rampaging (worn)
 F - +0 gold dragon scales (worn)
Jewellery
 k - an amulet of faith
 x - an amulet of reflection (around neck)
 E - a ring of positive energy (left hand)
 I - a ring of resist corrosion (right hand)
Wands
 c - a wand of flame (4)
 i - a wand of paralysis (3)
Scrolls
 g - a scroll of holy word
 h - 2 scrolls of blinking
 j - 2 scrolls of fog
 C - a scroll of identify
Potions
 b - a potion of brilliance
 e - 2 potions of haste
 f - 3 potions of magic
 p - 4 potions of curing
 q - a potion of attraction
 v - a potion of resistance
 A - 4 potions of heal wounds
 H - a potion of might
 J - a potion of flight
 K - a potion of cancellation
 L - a potion of ambrosia {unknown}
Miscellaneous
 y - a tin of tremorstones (inert)


   Skills:
 + Level 14.1 Fighting
 + Level 14.1 Short Blades
 + Level 12.6 Long Blades
 + Level 12.6 Axes
 + Level 12.6 Maces & Flails
 + Level 12.6 Polearms
 + Level 12.6 Staves
 + Level 12.6 Slings
 + Level 12.6 Bows
 + Level 12.6 Crossbows
 + Level 12.6 Throwing
 + Level 12.6 Armour
 + Level 12.6 Dodging
 + Level 12.6 Stealth
 + Level 12.6 Shields
 + Level 12.6 Unarmed Combat
 + Level 12.9 Spellcasting
 + Level 10.7 Conjurations
 + Level 10.7 Hexes
 + Level 10.7 Summonings
 + Level 10.7 Necromancy
 + Level 10.7 Translocations
 + Level 10.7 Transmutations
 + Level 12.0 Fire Magic
 + Level 10.7 Ice Magic
 + Level 10.7 Air Magic
 + Level 10.7 Earth Magic
 + Level 10.7 Poison Magic
 + Level 13.7 Invocations
 + Level 12.6 Evocations


You had 35 spell levels left.
You knew the following spells:

 Your Spells              Type           Power      Damage    Failure   Level
a - Scorch                Fire           62%        2d8       65%         2

Your spell library contained the following spells:

 Spells                   Type           Power      Damage    Failure   Level


Dungeon Overview and Level Annotations

Branches:
Dungeon (1/1)

Altars:
Cheibriados
Dithmenos
Elyvilon
Fedhas
Gozag
Hepliaklqana
Kikubaaqudgha
Makhleb
Nemelex Xobeh
Okawaru
Qazlal
Ru
Sif Muna
Trog
Uskayaw
Vehumet
Wu Jian
Xom
Yredelemnul
Zin
The Shining One
Jiyva
Lugonu

Shops:
D ([((**(=!(==:?[!(![[[=

Annotations:
D Lom Lobon


Innate Abilities, Weirdness & Mutations

You have very sharp teeth.
Your uncanny sense of smell can sniff out nearby items.
Your experience applies equally to all skills.
Your body often deteriorates upon taking damage.
You are dopey. (Int -2)
You have an increased reservoir of magic. (+10% MP)
Your spells are a little harder to cast, but a little more powerful.


Message History

You now have 304 gold pieces (gained 27).
You see here 27 gold pieces.
You now have 331 gold pieces (gained 27).
The daeva calls down the wrath of the Shining One upon you.
The Shining One smites you!
Your body deteriorates!
You feel weakened.
The daeva calls down the wrath of the Shining One upon you.
The Shining One smites you!
Your body deteriorates!
You feel weakened.
You see here 27 gold pieces.
You now have 358 gold pieces (gained 27).
The daeva calls down the wrath of the Shining One upon you.
The Shining One smites you!
You see here 27 gold pieces.
You now have 385 gold pieces (gained 27).
The daeva calls down the wrath of the Shining One upon you.
The Shining One smites you!
You see here a purple potion.
L - a purple potion The daeva calls down the wrath of the Shining One upon you.
The Shining One smites you!
* * * LOW HITPOINT WARNING * * *
You see here 19 gold pieces.
You see here a +3 chain mail of willpower.
You see here 19 gold pieces.
You now have 404 gold pieces (gained 19).
The daeva calls down the wrath of the Shining One upon you.
The Shining One smites you!
* * * LOW HITPOINT WARNING * * *
The daeva calls down the wrath of the Shining One upon you.
The Shining One smites you!
* * * LOW HITPOINT WARNING * * *
The daeva calls down the wrath of the Shining One upon you.
The Shining One smites you!
* * * LOW HITPOINT WARNING * * *
There is an open door here.
Unknown command.
The daeva calls down the wrath of the Shining One upon you.
The Shining One smites you!
You die...

.)'§.#.#.###...#######'#.§§§§####
###§§'.#'#.###'#[..##..#§..§.#...
.##+####...#)#§##$..#..##.§..#.∩.
§#.○°..#...###§§###.#..≈###§##...
§#..°..'.....##.#A#.#..≈).#.####'
'###°..#.....#..###.#..≈.##'#§...
.§.#°.☼###++##.##...#..≈##..[§§§§
##.#..###..###..#'###..≈#..§..§§.
##.#.○####°.###.@)#.≈÷.##..§§§.§.
##§##'#..#..#.###.#.≈..#...§§...§
##.##)#○○.......#.###..#.....[...
.§.####○.○......#.#.'..##........
##.#..'..○○..####+#.##'##........
§#§#####...###,,,,#.#≈≈≈##.......
#§§#∆∆∆#####,,,####.#≈≈≈≈##[.....
####∆,,,,,,,,**#..^.#≈≈≈≈≈#######
#*∆∆∆,,,,****#.°^^####≈&≈≈#≈≈≈≈≈*


You could see a daeva.

Vanquished Creatures
  the Lernaean hydra (D)
  A golden dragon (D)
  A deep elf master archer (D)
  A shadow dragon (D)
  A deep elf annihilator (D)
  A mummy priest (D)
  2 centaur warriors (D)
  Sonja (D)
  A deep troll (D)
  A lindwurm (D)
  2 oklob plants (D)
  7 shining eyes (D)
  2 merfolk sirens (D)
  2 gargoyles (D)
  3 demonic crawlers (D)
  6 unseen horrors (D)
  A hellwing (D)
  2 kobold demonologists (D)
  A meliai (D)
  5 hornets (D)
  Sigmund (D)
  12 hogs (D)
  A yak (D)
  2 redbacks (D)
  6 floating eyes (D)
  An ogre (D)
  6 necrophages (D)
  8 jellies (D)
  Ijyb (D)
  2 ballistomycete spores (D)
  27 foxfires (D)
109 creatures vanquished.

Notes
Turn   | Place    | Note
-------+----------+-------------------------------------------
     0 | D        | jfcaron the Gnoll Cinder Acolyte began the quest for the
                  | Orb.
     0 | D        | Reached XP level 1. HP: 23/23 MP: 4/4
     1 | D        | Noticed Ijyb
    12 | D        | Paralysed by Ijyb for 7 turns
    16 | D        | Killed Ijyb
    17 | D        | Reached skill level 1 in Long Blades
    17 | D        | Reached skill level 1 in Axes
    17 | D        | Reached skill level 1 in Maces & Flails
    17 | D        | Reached skill level 1 in Polearms
    17 | D        | Reached skill level 1 in Staves
    17 | D        | Reached skill level 1 in Slings
    17 | D        | Reached skill level 1 in Bows
    17 | D        | Reached skill level 1 in Crossbows
    17 | D        | Reached skill level 1 in Throwing
    17 | D        | Reached skill level 1 in Armour
    17 | D        | Reached skill level 1 in Dodging
    17 | D        | Reached skill level 1 in Stealth
    17 | D        | Reached skill level 1 in Shields
    17 | D        | Reached skill level 1 in Unarmed Combat
    17 | D        | Reached skill level 1 in Conjurations
    17 | D        | Reached skill level 1 in Hexes
    17 | D        | Reached skill level 1 in Summonings
    17 | D        | Reached skill level 1 in Necromancy
    17 | D        | Reached skill level 1 in Translocations
    17 | D        | Reached skill level 1 in Transmutations
    17 | D        | Reached skill level 1 in Ice Magic
    17 | D        | Reached skill level 1 in Air Magic
    17 | D        | Reached skill level 1 in Earth Magic
    17 | D        | Reached skill level 1 in Poison Magic
    17 | D        | Reached skill level 1 in Evocations
    17 | D        | Reached XP level 2. HP: 12/29 MP: 6/6
    17 | D        | Reached XP level 3. HP: 15/35 MP: 7/7
   196 | D        | Noticed an ogre
   205 | D        | Killed an ogre
   206 | D        | Reached XP level 4. HP: 30/43 MP: 8/10
   294 | D        | Noticed Sigmund
   329 | D        | Killed Sigmund
   330 | D        | Reached skill level 5 in Spellcasting
   330 | D        | Reached XP level 5. HP: 16/49 MP: 10/12
   330 | D        | Reached XP level 6. HP: 18/56 MP: 10/13
   651 | D        | Found an ornate altar of the Wu Jian Council.
   651 | D        | Found a shimmering blue altar of Sif Muna.
   653 | D        | Found a radiant altar of Vehumet.
   679 | D        | Found Annut's Antique Weapon Emporium.
   679 | D        | Found an ancient bone altar of Kikubaaqudgha.
   679 | D        | Found a hazy altar of Hepliaklqana.
   679 | D        | Found a stormy altar of Qazlal.
   679 | D        | Found a hide-covered altar of Uskayaw.
   679 | D        | Found a blossoming altar of Fedhas.
   679 | D        | Found a bloodstained altar of Trog.
   679 | D        | Found an iron altar of Okawaru.
   679 | D        | Found a basalt altar of Yredelemnul.
   679 | D        | Found a glowing golden altar of the Shining One.
   679 | D        | Found a snail-covered altar of Cheibriados.
   679 | D        | Found a sacrificial altar of Ru.
   679 | D        | Found a glowing silver altar of Zin.
   679 | D        | Found a shadowy altar of Dithmenos.
   679 | D        | Found a white marble altar of Elyvilon.
   679 | D        | Noticed a yak
   696 | D        | Killed a yak
   697 | D        | Reached skill level 5 in Long Blades
   697 | D        | Reached skill level 5 in Axes
   697 | D        | Reached skill level 5 in Maces & Flails
   697 | D        | Reached skill level 5 in Polearms
   697 | D        | Reached skill level 5 in Staves
   697 | D        | Reached skill level 5 in Slings
   697 | D        | Reached skill level 5 in Bows
   697 | D        | Reached skill level 5 in Crossbows
   697 | D        | Reached skill level 5 in Throwing
   697 | D        | Reached skill level 5 in Armour
   697 | D        | Reached skill level 5 in Dodging
   697 | D        | Reached skill level 5 in Stealth
   697 | D        | Reached skill level 5 in Shields
   697 | D        | Reached skill level 5 in Unarmed Combat
   697 | D        | Reached skill level 5 in Invocations
   697 | D        | Reached skill level 5 in Evocations
   697 | D        | Reached XP level 7. HP: 43/63 MP: 13/15
   697 | D        | Found an opulent altar of Gozag.
   698 | D        | Found a sparkling altar of Nemelex Xobeh.
   710 | D        | Bought a rapier for 112 gold pieces
   797 | D        | Noticed Sonja
   802 | D        | Killed Sonja
   803 | D        | Reached skill level 5 in Conjurations
   803 | D        | Reached skill level 5 in Hexes
   803 | D        | Reached skill level 5 in Summonings
   803 | D        | Reached skill level 5 in Necromancy
   803 | D        | Reached skill level 5 in Translocations
   803 | D        | Reached skill level 5 in Transmutations
   803 | D        | Reached skill level 5 in Ice Magic
   803 | D        | Reached skill level 5 in Air Magic
   803 | D        | Reached skill level 5 in Earth Magic
   803 | D        | Reached skill level 5 in Poison Magic
   803 | D        | Reached XP level 8. HP: 71/71 MP: 15/18
   821 | D        | Identified the +1 helmet of the Iron Devil {rF+ Str+2
                  | Int-2}
   908 | D        | Noticed a deep troll
   914 | D        | Killed a deep troll
   944 | D        | Noticed a centaur warrior
   946 | D        | Noticed a centaur warrior
   953 | D        | Found Apyga's Armour Emporium.
   963 | D        | Learned a level 2 spell: Scorch
   963 | D        | Bought a +0 pair of gloves for 54 gold pieces
   963 | D        | Bought a +0 buckler for 54 gold pieces
   963 | D        | Bought a +0 plate armour for 276 gold pieces
   963 | D        | Bought a +0 pair of boots for 54 gold pieces
  1022 | D        | Killed a centaur warrior
  1023 | D        | Reached skill level 10 in Fighting
  1023 | D        | Reached skill level 10 in Short Blades
  1023 | D        | Reached XP level 9. HP: 74/78 MP: 19/21
  1035 | D        | HP: 7/78 [centaur warrior (9)]
  1036 | D        | Killed a centaur warrior
  1348 | D        | Noticed a hornet
  1350 | D        | Paralysed by a hornet for 1 turns
  1355 | D        | Paralysed by a hornet for 1 turns
  1356 | D        | Killed a hornet
  1456 | D        | Noticed an oklob plant
  1523 | D        | Killed an oklob plant
  1524 | D        | Reached XP level 10. HP: 19/86 MP: 22/22
  2179 | D        | Killed an unseen horror
  2247 | D        | Killed an unseen horror
  2414 | D        | Identified the +1 plate armour of Midwinter {rF++ rC+}
  2472 | D        | Found a burning altar of Makhleb.
  2472 | D        | Found a viscous altar of Jiyva.
  2472 | D        | Found a shimmering altar of Xom.
  2472 | D        | Found a corrupted altar of Lugonu.
  2492 | D        | Reached skill level 10 in Invocations
  2510 | D        | Noticed a kobold demonologist
  2510 | D        | Noticed a kobold demonologist
  2513 | D        | Killed a kobold demonologist
  2522 | D        | Killed a kobold demonologist
  2529 | D        | Noticed a demonic crawler
  2529 | D        | Noticed a demonic crawler
  2529 | D        | Noticed a demonic crawler
  2529 | D        | Noticed a demonic crawler
  2537 | D        | Noticed a gargoyle
  2556 | D        | Killed a demonic crawler
  2564 | D        | Killed a demonic crawler
  2565 | D        | Reached skill level 10 in Spellcasting
  2573 | D        | Banished a demonic crawler
  2582 | D        | Killed a demonic crawler
  2583 | D        | Reached XP level 11. HP: 41/95 MP: 25/25
  2810 | D        | Noticed a lindwurm
  2816 | D        | Killed a lindwurm
  2817 | D        | Reached skill level 10 in Fire Magic
  2830 | D        | Reached skill level 10 in Long Blades
  2830 | D        | Reached skill level 10 in Axes
  2830 | D        | Reached skill level 10 in Maces & Flails
  2830 | D        | Reached skill level 10 in Polearms
  2830 | D        | Reached skill level 10 in Staves
  2830 | D        | Reached skill level 10 in Slings
  2830 | D        | Reached skill level 10 in Bows
  2830 | D        | Reached skill level 10 in Crossbows
  2830 | D        | Reached skill level 10 in Throwing
  2830 | D        | Reached skill level 10 in Armour
  2830 | D        | Reached skill level 10 in Dodging
  2830 | D        | Reached skill level 10 in Stealth
  2830 | D        | Reached skill level 10 in Shields
  2830 | D        | Reached skill level 10 in Unarmed Combat
  2830 | D        | Reached skill level 10 in Evocations
  3040 | D        | Noticed a 12-headed hydra
  3042 | D        | Banished a 12-headed hydra
  3082 | D        | Noticed a daeva
  3206 | D        | Noticed a shadow dragon
  3206 | D        | Noticed a golden dragon
  3266 | D        | Noticed a deep elf annihilator
  3915 | D        | Killed a deep elf annihilator
  3917 | D        | Noticed a mummy priest
  3979 | D        | Found Xiogrug's Antique Weapon Boutique.
  3993 | D        | Noticed a shining eye
  3993 | D        | Noticed a shining eye
  3993 | D        | Noticed a shining eye
  3994 | D        | Paralysed by a floating eye for 2 turns
  3999 | D        | Paralysed by a floating eye for 4 turns
  4007 | D        | Gained mutation: You occasionally shout uncontrollably at
                  | your foes. [a shining eye]
  4009 | D        | Gained mutation: You tend to lose your temper in combat. [a
                  | shining eye]
  4011 | D        | Gained mutation: Your magical capacity is low. (-10% MP) [a
                  | shining eye]
  4012 | D        | Killed a shining eye
  4014 | D        | Noticed a shining eye
  4014 | D        | Noticed a shining eye
  4014 | D        | Noticed a shining eye
  4015 | D        | Noticed a shining eye
  4015 | D        | Noticed a shining eye
  4015 | D        | Gained mutation: You are dopey. (Int -2) [a shining eye]
  4017 | D        | Gained mutation: Your spells are a little easier to cast,
                  | but a little less powerful. [a shining eye]
  4017 | D        | Gained mutation: Armour fits poorly on your strangely
                  | shaped body. [a shining eye]
  4018 | D        | Gained mutation: You are frail. (-10% HP) [a shining eye]
  4020 | D        | Killed a shining eye
  4021 | D        | Lost mutation: You are frail. (-10% HP) [a shining eye]
  4023 | D        | Gained mutation: Your body sometimes deteriorates upon
                  | taking damage. [a shining eye]
  4028 | D        | Killed a shining eye
  4029 | D        | Banished a shining eye
  4030 | D        | Reached XP level 12. HP: 103/103 MP: 24/24
  4035 | D        | Gained mutation: Your body often deteriorates upon taking
                  | damage. [a shining eye]
  4046 | D        | Gained mutation: You do not regenerate when monsters are
                  | visible. [a shining eye]
  4100 | D        | Found Seiximism's General Store.
  4100 | D        | Found Waxzyeze's Armour Shoppe.
  4100 | D        | Found Qeakk's Assorted Antiques.
  4100 | D        | Found Hahoahuq's Antique Weapon Emporium.
  4123 | D        | Bought a scroll of identify for 38 gold pieces
  4123 | D        | Bought an emerald potion for 17 gold pieces
  4123 | D        | Bought a scroll labelled ROLUIX SUBYKK for 19 gold pieces
  4123 | D        | Bought a scroll of identify for 38 gold pieces
  4132 | D        | Bought a +1 cloak of willpower for 231 gold pieces
  4139 | D        | Bought a jewelled dagger for 175 gold pieces
  4139 | D        | Identified the +5 dagger of Loyfucud {antimagic, Stlth+}
                  | (You bought it in a shop in the Dungeon)
  4147 | D        | Bought a scroll of fog for 22 gold pieces
  4147 | D        | Bought 4 poisoned darts for 17 gold pieces
  4147 | D        | Bought 2 potions of haste for 220 gold pieces
  4147 | D        | Bought a potion of flight for 33 gold pieces
  4147 | D        | Bought a potion of resistance for 110 gold pieces
  4243 | D        | Noticed a soul eater
  4529 | D        | Found Zetov's Jewellery Shoppe.
  4529 | D        | Found Havecy's Antique Weapon Shop.
  4529 | D        | Found Offuk's Distillery.
  4531 | D        | Found Tosenah's Antique Weapon Emporium.
  4531 | D        | Found Utoijoce's Jewellery Shop.
  4531 | D        | Found Oxegysch's Jewellery Shoppe.
  4531 | D        | Found Deotzusu's Book Boutique.
  4531 | D        | Found Melism's Magic Scroll Emporium.
  4531 | D        | Found Gela's Antique Armour Shop.
  4531 | D        | Found Foarogok's Distillery.
  4535 | D        | Found Tehozuk's Antique Weapon Boutique.
  4536 | D        | Found Yroapp's Antique Armour Emporium.
  4536 | D        | Found Oggejo Duhu's Distillery.
  4537 | D        | Found Eryatoh's Antique Armour Emporium.
  4542 | D        | Bought a potion of mutation for 112 gold pieces
  4542 | D        | Lost mutation: Your spells are a little easier to cast, but
                  | a little less powerful. [potion of mutation]
  4542 | D        | Lost mutation: You occasionally shout uncontrollably at
                  | your foes. [potion of mutation]
  4546 | D        | Bought a potion of mutation for 96 gold pieces
  4546 | D        | Lost mutation: Your magical capacity is low. (-10% MP)
                  | [potion of mutation]
  4546 | D        | Lost mutation: Armour fits poorly on your strangely shaped
                  | body. [potion of mutation]
  4546 | D        | Gained mutation: Your muscles are strong. (Str +2) [potion
                  | of mutation]
  4560 | D        | Bought a potion of heal wounds for 60 gold pieces
  4560 | D        | Bought a potion of curing for 36 gold pieces
  4569 | D        | Bought a potion of heal wounds for 60 gold pieces
  4569 | D        | Bought 2 potions of heal wounds for 120 gold pieces
  4569 | D        | Bought a potion of curing for 36 gold pieces
  4745 | D        | Banished a lorocyproca
  5482 | D        | Bought a pair of runed boots for 195 gold pieces
  5493 | D        | Bought a shiny tower shield for 195 gold pieces
  5514 | D        | Bought an amulet of reflection for 420 gold pieces
  5523 | D        | Bought a ring of positive energy for 200 gold pieces
  5529 | D        | Bought a potion of heal wounds for 70 gold pieces
  5599 | D        | Noticed a jiangshi
  6263 | D        | Killed a deep elf master archer
  6422 | D        | Reached skill level 10 in Conjurations
  6422 | D        | Reached skill level 10 in Hexes
  6422 | D        | Reached skill level 10 in Summonings
  6422 | D        | Reached skill level 10 in Necromancy
  6422 | D        | Reached skill level 10 in Translocations
  6422 | D        | Reached skill level 10 in Transmutations
  6422 | D        | Reached skill level 10 in Ice Magic
  6422 | D        | Reached skill level 10 in Air Magic
  6422 | D        | Reached skill level 10 in Earth Magic
  6422 | D        | Reached skill level 10 in Poison Magic
  6649 | D        | Noticed the 27-headed Lernaean hydra
  6655 | D        | Killed a mummy priest
  6655 | D        | Killed the 27-headed Lernaean hydra
  6857 | D        | Noticed Lom Lobon
  7111 | D        | Killed a shadow dragon
  7121 | D        | Killed a golden dragon
  7122 | D        | Reached XP level 13. HP: 41/113 MP: 29/29
  7399 | D        | Identified the +9 mace of Edapt {freeze, Fly}
  7452 | D        | Lost mutation: Your muscles are strong. (Str +2) [potion of
                  | mutation]
  7452 | D        | Lost mutation: You tend to lose your temper in combat.
                  | [potion of mutation]
  7452 | D        | Lost mutation: You do not regenerate when monsters are
                  | visible. [potion of mutation]
  7452 | D        | Gained mutation: You have an increased reservoir of magic.
                  | (+10% MP) [potion of mutation]
  7452 | D        | Gained mutation: Your spells are a little harder to cast,
                  | but a little more powerful. [potion of mutation]
  7537 | D        | Bought a ring of resist corrosion for 280 gold pieces
  7541 | D        | Bought a potion of flight for 36 gold pieces
  7541 | D        | Bought a potion of cancellation for 96 gold pieces
  7546 | D        | Bought a scroll of magic mapping for 38 gold pieces
  7626 | D        | Found Wuocseuhonk's Jewellery Shoppe.
  7799 | D        | HP: 14/113 [daeva/divine providence (10)]
  7800 | D        | HP: 1/113 [daeva/divine providence (13)]
  7801 | D        | Killed from afar by a daeva

Illustrated notes

Levels and vault maps discovered:
D:        dungeon_sprint_1 [red_sonja_temple_1, red_sonja_temple_small_1]

Skill      XL: |  1  2  3  4  5  6  7  8  9 10 11 12 |
---------------+-------------------------------------+-----
Long Blades    | 1 3 4 5 6 7 8 9 11 12 | 12.6
Axes           | 1 3 4 5 6 7 8 9 11 12 | 12.6
Maces & Flails | 1 3 4 5 6 7 8 9 11 12 | 12.6
Polearms       | 1 3 4 5 6 7 8 9 11 12 | 12.6
Staves         | 1 3 4 5 6 7 8 9 11 12 | 12.6
Slings         | 1 3 4 5 6 7 8 9 11 12 | 12.6
Bows           | 1 3 4 5 6 7 8 9 11 12 | 12.6
Crossbows      | 1 3 4 5 6 7 8 9 11 12 | 12.6
Throwing       | 1 3 4 5 6 7 8 9 11 12 | 12.6
Armour         | 1 3 4 5 6 7 8 9 11 12 | 12.6
Dodging        | 1 3 4 5 6 7 8 9 11 12 | 12.6
Stealth        | 1 3 4 5 6 7 8 9 11 12 | 12.6
Shields        | 1 3 4 5 6 7 8 9 11 12 | 12.6
Unarmed Combat | 1 3 4 5 6 7 8 9 11 12 | 12.6
Spellcasting   | 3 4 5 6 8 10 11 12 | 12.9
Conjurations   | 1 2 3 4 5 6 8 9 10 | 10.7
Hexes          | 1 2 3 4 5 6 8 9 10 | 10.7
Summonings     | 1 2 3 4 5 6 8 9 10 | 10.7
Necromancy     | 1 2 3 4 5 6 8 9 10 | 10.7
Translocations | 1 2 3 4 5 6 8 9 10 | 10.7
Transmutations | 1 2 3 4 5 6 8 9 10 | 10.7
Ice Magic      | 1 2 3 4 5 6 8 9 10 | 10.7
Air Magic      | 1 2 3 4 5 6 8 9 10 | 10.7
Earth Magic    | 1 2 3 4 5 6 8 9 10 | 10.7
Poison Magic   | 1 2 3 4 5 6 8 9 10 | 10.7
Invocations    | 2 3 4 5 6 8 9 10 12 13 | 13.7
Evocations     | 1 3 4 5 6 7 8 9 11 12 | 12.6
Fighting       | 7 8 9 10 11 12 14 | 14.1
Short Blades   | 7 8 9 10 11 12 14 | 14.1
Fire Magic     | 6 7 8 9 10 12 | 12.0

Action                   |  1- 3 |  4- 6 |  7- 9 | 10-12 | 13-15 || total
-------------------------+-------+-------+-------+-------+-------++-------
Melee: Short sword       |    13 |    46 |    43 |   350 |       ||   452
       Bite              |       |     3 |     5 |    50 |       ||    58
       Punch             |       |     2 |       |       |       ||     2
       Rapier            |       |       |     5 |       |       ||     5
Throw: Dart              |       |       |     2 |     2 |       ||     4
       Boomerang         |       |       |       |    34 |       ||    34
 Cast: Scorch            |       |       |       |     5 |       ||     5
Invok: Foxfire Swarm     |     2 |       |       |     1 |       ||     3
       Fiery Armour      |     2 |     2 |       |     3 |       ||     7
Evoke: Wand              |       |     1 |     3 |    17 |       ||    21
       Tin of tremorston |       |       |       |     7 |     2 ||     9
  Use: Potion            |       |     1 |     1 |     8 |     1 ||    11
       Scroll            |       |       |     2 |     4 |     2 ||     8
 Stab: Paralysed         |       |     1 |     5 |       |       ||     6
       Sleeping          |       |       |     1 |       |       ||     1
       Invisible         |       |       |       |     1 |       ||     1
       Distracted        |       |       |       |     1 |       ||     1
Armor: Robe              |     3 |       |       |       |       ||     3
       Scale mail        |       |     8 |       |       |       ||     8
       Plate armour      |       |       |    34 |   197 |       ||   231
Dodge: Dodged            |     3 |     9 |     6 |    62 |       ||    80
Block: Buckler           |       |       |     9 |    44 |       ||    53
       Tower shield      |       |       |       |    64 |       ||    64
       Reflection        |       |       |       |     6 |       ||     6

Table legend: (Time is in decaauts)
 A = Elapsed time spent in this place.
 B = Non-inter-level travel time spent in this place.
 C = Inter-level travel time spent in this place.
 D = Time resting spent in this place.
 E = Time spent auto-exploring this place.
 F = Levels seen in this place.
 G = Mean time per level.
                   A        B        C        D        E       F      G
               +--------+--------+--------+--------+--------+-----+--------+
         Total |   7632 |   7074 |    558 |   5270 |      0 |   1 | 7632.0 |
       Dungeon |   7632 |   7074 |    558 |   5270 |      0 |   1 | 7632.0 |
               +--------+--------+--------+--------+--------+-----+--------+

Top non-repeatable levels by time:
       D: 7632 daAuts
